 Dungeon Crawl Stone Soup version 0.23-a0-61-g4bf3f6c (webtiles) character file.

13323 iamserjio the Blocker (level 11, 0/148 HPs)
             Began as a Minotaur Fighter on Aug 9, 2018.
             Was a Believer of the Shining One.
             Slain by a vampire (10 damage)
             ... on level 11 of the Dungeon.
             The game lasted 00:25:51 (12620 turns).

iamserjio the Blocker (Minotaur Fighter)           Turns: 12620, Time: 00:25:52

Health: 0/148      AC: 18    Str: 29      XL:     11   Next: 74%
Magic:  10/10      EV:  7    Int:  5      God:    the Shining One [**....]
Gold:   600        SH:  0    Dex: 12 (13) Spells: 10/10 levels left

rFire    . . .     SeeInvis .   a - +0 war axe
rCold    . . .     Gourm    .   c - +0 shield
rNeg     + . .     Faith    .   K - +0 plate armour
rPois    +         Spirit   .   (helmet restricted)
rElec    .         Reflect  +   F - +0 cloak
rCorr    .         Harm     .   x - +1 pair of gloves
MR       .....                  (no boots)
Stlth    ..........             p - +3 amulet of reflection
HPRegen  0.34/turn              G - ring of poison resistance
MPRegen  0.12/turn              v - +3 ring of dexterity

@: confused, berserking, hasted and slowed, glowing
A: retaliatory headbutt, horns 2
a: Divine Shield, Renounce Religion


You were on level 11 of the Dungeon.
You worshipped the Shining One.
The Shining One was pleased with you.
You were not hungry.

You visited 2 branches of the dungeon, and saw 12 of its levels.

You collected 600 gold pieces.

Inventory:

Hand Weapons
 a - a +0 war axe (weapon)
 m - a +0 whip of electrocution
 y - a +2 war axe of pain
 M - the +4 hand crossbow of the Skies Above {speed, MR+ Int+4}
   (You found it on level 7 of the Dungeon)

   Attacks with this weapon are significantly faster.
   It affects your intelligence (+4).
   It affects your resistance to hostile enchantments.
 O - a +2 battleaxe of freezing
Missiles
 b - 3 throwing nets (quivered) {!f}
 r - 6 curare-tipped needles {!f}
 t - 269 stones
 z - 5 javelins of penetration
 I - 40 bolts
Armour
 c - a +0 shield (worn)
 x - a +1 pair of gloves (worn)
 F - a +0 cloak (worn)
 K - a +0 plate armour (worn)
Jewellery
 p - a +3 amulet of reflection (around neck)
 v - a +3 ring of dexterity (right hand)
 C - an uncursed ring of protection from cold
 G - a ring of poison resistance (left hand)
 L - an uncursed amulet of guardian spirit
 Q - an uncursed amulet of rage {unknown}
 R - an uncursed amulet of harm {unknown}
Wands
 q - a wand of flame (105)
 u - a wand of iceblast (13)
 H - a wand of polymorph (7)
 S - a wand of acid (9)
Scrolls
 e - a scroll of silence {unknown}
 h - 2 scrolls of remove curse {@r2}
 i - 2 scrolls of fog {unknown}
 j - a scroll of teleportation {unknown}
 l - a scroll of noise {unknown}
 s - 4 scrolls of enchant weapon
 w - 2 scrolls of immolation {unknown}
 A - a scroll of magic mapping {unknown}
 D - a scroll of summoning {unknown}
 E - 2 scrolls of fear {unknown}
 J - a scroll of random uselessness {unknown}
 N - a scroll of identify {@r1}
Potions
 d - a potion of might
 g - 3 potions of curing {@q1}
 k - a potion of brilliance
 n - a potion of degeneration
 o - a potion of haste
Comestibles
 f - 16 rations
 T - 4 chunks of flesh


   Skills:
 + Level 9.9 Fighting
 * Level 13.0 Axes
 + Level 10.0 Armour
 * Level 13.2 Shields


You had 10 spell levels left.
You didn't know any spells.
Your spell library contained the following spells:

 Spells                   Type           Power        Failure   Level  Hunger
 Cause Fear               Hex            #.........   100%        4    #####..
 Apportation              Tloc           #.....       99%         1    ##.....
 Invisibility             Hex            #.......     100%        6    #######
 Tukima's Dance           Hex            #.......     100%        3    ####...
 Deflect Missiles         Chrm/Air       #.........   100%        6    #######
 Summon Butterflies       Summ           #.......     99%         1    ##.....
 Silence                  Hex/Air        #.........   100%        5    ######.
 Alistair's Intoxication  Tmut/Pois      #.......     100%        5    ######.
 Discord                  Hex            #.........   100%        8    #######
 Yara's Violent Unravell  Hex/Tmut       #.........   100%        5    ######.
 Lesser Beckoning         Tloc           #.........   100%        3    ####...


Dungeon Overview and Level Annotations

Branches:
Dungeon (11/15)            Temple (1/1) D:6            Lair (0/6) D:9
    Orc (0/2) D:9

Altars:
Ashenzari
Cheibriados
Dithmenos
Elyvilon
Fedhas
Gozag
Hepliaklqana
Kikubaaqudgha
Makhleb
Nemelex Xobeh
Okawaru
Qazlal
Ru
Sif Muna
Trog
Uskayaw
Vehumet
Wu Jian
Xom
Yredelemnul
Zin
The Shining One

Shops:
D:5 %   D:10 =

Annotations:
D:8 exclusion: door


Innate Abilities, Weirdness & Mutations

You reflexively headbutt those who attack you in melee.
You have a pair of horns on your head.


Message History

A red film seems to cover your vision as you go berserk!
You feel yourself moving faster!
You feel mighty!
The guardian serpent hits you but does no damage.
The troll bites you.
* * * LOW HITPOINT WARNING * * *
The troll closely misses you. The troll barely misses you.
A hippogriff comes into view.
The guardian serpent closely misses you.
The vampire is infused with unholy energy.
* * * LOW HITPOINT WARNING * * *
The vampire draws life force from you and is healed!
The hippogriff screeches!
You slash the vampire!
The vampire is heavily damaged.
You hit the guardian serpent. You slice the troll!!
You kill the troll!
The troll leather armour is intact enough to wear.
Your Axes skill increases to level 13!
The guardian serpent barely misses you. The vampire hits you!
You die...

.... ... ..H. ...#
..... ...
.....###########..##.
...#......#.....#....
....................#
......[.V.........#
......S@†....<....#
..................#
###...............#
#....?..........#
#...............#
##.........)...##
##.....#.....##
#############


You could see a guardian serpent, a hippogriff and a vampire.

Vanquished Creatures
  7 death yaks
  A two-headed ogre (D:10)
  An unseen horror (D:10)
  Pikel (D:5)
  3 trolls
  Prince Ribbit (D:6)
  A hippogriff (D:9)
  A wraith (D:10)
  A hungry ghost (D:8)
  2 wyverns
  2 soldier ants
  2 sky beasts
  3 ice beasts
  3 phantoms
  3 black bears
  3 orc warriors
  4 ogres
  A necrophage (D:7)
  3 centaurs
  A big kobold (D:10)
  8 bullfrogs
  A gnoll sergeant (D:8)
  5 scorpions
  14 killer bees
  10 wights (D:10)
  2 crimson imps
  A bullfrog zombie (D:10)
  A centaur zombie (D:10)
  2 jellies
  A quasit (D:11)
  9 orc priests
  4 hounds
  Crazy Yiuf (D:6)
  A gnoll shaman (D:10)
  A bullfrog skeleton (D:9)
  Jessica (D:2)
  4 iguanas
  8 orc wizards
  7 worker ants
  A hound zombie (D:6)
  A hound skeleton (D:5)
  2 worker ant zombies
  Robin (D:2)
  18 gnolls
  7 adders
  A howler monkey skeleton (D:10)
  3 shadow imps
  2 adder zombies
  5 adder skeletons
  7 worms
  7 leopard geckos
  36 orcs
  A ball python (D:3)
  10 bats
  6 giant cockroaches
  12 goblins
  6 hobgoblins
  13 jackals
  13 kobolds
  7 quokkas
  8 frilled lizards
  9 rats
301 creatures vanquished.

Vanquished Creatures (others)
  A centaur (D:11)
1 creature vanquished.

Grand Total: 302 creatures vanquished

Notes
Turn   | Place    | Note
-------+----------+-------------------------------------------
     0 | D:1      | iamserjio the Minotaur Fighter began the quest for the Orb.
     0 | D:1      | Reached XP level 1. HP: 19/19 MP: 0/0
    94 | D:1      | Reached XP level 2. HP: 27/27 MP: 1/1
   835 | D:2      | Reached XP level 3. HP: 32/33 MP: 2/2
   855 | D:2      | Noticed Jessica
   861 | D:2      | Killed Jessica
   897 | D:2      | Reached XP level 4. HP: 40/40 MP: 3/3
   959 | D:2      | Found a hazy altar of Hepliaklqana.
   987 | D:2      | Noticed Robin
   999 | D:2      | Killed Robin
  1123 | D:2      | Found a blossoming altar of Fedhas.
  1246 | D:2      | Found a sparkling altar of Nemelex Xobeh.
  1486 | D:3      | Reached skill level 5 in Shields
  1532 | D:3      | Reached XP level 5. HP: 37/46 MP: 4/4
  1861 | D:3      | Found an opulent altar of Gozag.
  1957 | D:3      | Reached XP level 6. HP: 53/53 MP: 5/5
  2249 | D:4      | Reached skill level 5 in Axes
  2516 | D:4      | Reached skill level 5 in Armour
  2774 | D:4      | Found a white marble altar of Elyvilon.
  3120 | D:4      | Reached XP level 7. HP: 22/60 MP: 6/6
  3120 | D:4      | Reached skill level 5 in Fighting
  3588 | D:5      | Entered Level 5 of the Dungeon
  3884 | D:5      | Noticed Pikel
  3902 | D:5      | Killed Pikel
  3902 | D:5      | Reached XP level 8. HP: 57/70 MP: 7/7
  3985 | D:5      | Found a radiant altar of Vehumet.
  4152 | D:5      | Found Misibiod's Food Boutique.
  4345 | D:5      | Found a basalt altar of Yredelemnul.
  4387 | D:5      | Found a snail-covered altar of Cheibriados.
  4393 | D:5      | Found a shimmering altar of Xom.
  4669 | D:6      | Noticed Prince Ribbit
  4683 | D:6      | Killed Prince Ribbit
  4707 | D:6      | Found a staircase to the Ecumenical Temple.
  4869 | D:6      | Found a runed door.
  4931 | D:6      | Noticed Crazy Yiuf
  4939 | D:6      | Killed Crazy Yiuf
  4981 | Temple   | Entered the Ecumenical Temple
  5371 | D:7      | Reached XP level 9. HP: 78/78 MP: 8/8
  5439 | D:7      | Found a shattered altar of Ashenzari.
  6473 | D:7      | Got a smoking hand crossbow
  6520 | D:7      | Identified the +4 hand crossbow of the Skies Above {speed, MR+ Int+4} (You found it on level 7 of the Dungeon)
  6908 | D:8      | Found a bloodstained altar of Trog.
  6925 | D:8      | Reached skill level 10 in Shields
  6926 | D:8      | Found an ancient bone altar of Kikubaaqudgha.
  6975 | D:8      | Found an iron altar of Okawaru.
  7015 | D:8      | Found a deep blue altar of Sif Muna.
  7113 | D:8      | Reached skill level 10 in Axes
  7581 | D:8      | Reached XP level 10. HP: 66/88 MP: 9/9
  7979 | D:8      | Found a glowing golden altar of the Shining One.
  8052 | D:8      | Became a worshipper of the Shining One
  8079 | D:9      | Found an opulent altar of Gozag.
  8662 | D:9      | Found a staircase to the Orcish Mines.
  8712 | D:9      | Noticed a death yak
  8712 | D:9      | Noticed a death yak
  8712 | D:9      | Noticed a death yak
  8713 | D:9      | Noticed a death yak
  8713 | D:9      | Noticed a death yak
  8716 | D:9      | Noticed a death yak
  8717 | D:9      | Noticed a death yak
  8805 | D:8      | Killed a death yak
  9204 | D:7      | Killed a death yak
  9460 | D:8      | Killed a death yak
 10010 | D:9      | Killed a death yak
 10205 | D:9      | Killed a death yak
 10205 | D:9      | Reached XP level 11. HP: 97/97 MP: 10/10
 10214 | D:9      | Killed a death yak
 10230 | D:9      | HP: 4/97 [death yak (21)]
 10879 | D:9      | Killed a death yak
 11142 | D:9      | Found a glowing silver altar of Zin.
 11250 | D:9      | Found a staircase to the Lair.
 11425 | D:10     | Entered Level 10 of the Dungeon
 11425 | D:10     | Reached * piety under the Shining One
 11570 | D:10     | Noticed a two-headed ogre
 11576 | D:10     | Killed a two-headed ogre
 11618 | D:10     | Reached ** piety under the Shining One
 11924 | D:10     | Found Qumeqa's Jewellery Boutique.
 12106 | D:10     | Noticed an unseen horror
 12115 | D:10     | Killed an unseen horror
 12270 | D:10     | Reached skill level 10 in Armour
 12616 | D:11     | HP: 2/99 [vampire (8)]
 12618 | D:11     | The Shining One protects you from harm!
 12620 | D:11     | Slain by a vampire

Vault maps used:
D:1:      dpeg_arrival_rooms_a, grunt_decor_arrowhead,
          hangedman_abyss_or_decor_stabs
D:2:      lemuel_coloured_pillars_altar, nemelex_xobeh_ov_fountains_minmay,
          nicolae_overflow_crystal_walls, uniq_robin, uniq_jessica
D:3:      grunt_gozag_breadcrumbs
D:4:      elyvilon_altar_5, first_ration
D:5:      kennysheep_mini_moat, amethyst_overflow_temple_binary, serial_shops,
          nicolae_shop_trees, basic_altar, hangedman_decor_diamond_cutter,
          uniq_pikel
D:6:      minmay_temple_entry_grid, uniq_prince_ribbit1, uniq_crazy_yiuf_cottage
D:7:      minmay_cornered_nines, serial_curves, eino_curves_04, eino_curves_02,
          grunt_ogre_cave, ashenzari_altar_1
D:8:      lemuel_crystal_altar, kennysheep_little_box, led_sif_book,
          okawaru_ov_weapons_minmay, bloody_trog
D:9:      lemuel_doored_altar, dpeg_lair_monsters, basic_altar
D:10:     serial_shops, nicolae_shop_window_shopping, minmay_checkerbox
D:11:     muffindrake_ghost_dual_entry, nrook_guardian_serpent_double
Temple:   compressed_dpeg_triangle_lava_temple

Skill      XL: |  1  2  3  4  5  6  7  8  9 10 11 |
---------------+----------------------------------+-----
Shields        | 4 5 6 7 8 10 12 13 | 13.2
Armour         | 4 5 6 7 9 10 | 10.0
Axes           | 3 4 5 7 8 10 11 13 | 13.0
Fighting       | 4 5 6 7 9 |  9.9

Action                   |  1- 3 |  4- 6 |  7- 9 | 10-12 || total
-------------------------+-------+-------+-------+-------++-------
Melee: War axe           |    62 |   205 |   327 |   398 ||   992
       Headbutt          |     5 |    44 |    59 |    95 ||   203
Throw: Stone             |       |       |       |     1 ||     1
       Throwing net      |       |       |       |     1 ||     1
Evoke: Wand              |       |       |       |     2 ||     2
  Use: Scroll            |       |       |    10 |     1 ||    11
       Potion            |       |       |       |     7 ||     7
  Eat: Chunk             |       |     7 |     9 |     7 ||    23
       Ration            |       |       |     2 |     3 ||     5
Armor: Scale mail        |    34 |    83 |    66 |       ||   183
       Plate armour      |       |       |    29 |   171 ||   200
Dodge: Dodged            |    22 |    59 |    69 |    80 ||   230
Block: Shield            |    48 |   121 |   222 |   344 ||   735
       Reflection        |       |       |     5 |    12 ||    17

Table legend:
 A = Non-vault XP
 B = Vault XP
 C = Vault XP percentage of total XP
 D = Non-vault monster count
 E = Vault monster count
 F = Vault count percentage of total count
 G = Total turns spent on level
                 A         B        C        D         E       F
            +---------+---------+-------+---------+---------+-------
      Total |   10446 |    8588 |  45.1 |     275 |      27 |   8.9
            +---------+---------+-------+---------+---------+-------
        D:1 |      29 |       0 |   0.0 |      20 |       0 |   0.0
        D:2 |      93 |      65 |  41.1 |      29 |       9 |  23.7
        D:3 |     206 |       0 |   0.0 |      27 |       0 |   0.0
        D:4 |     447 |       0 |   0.0 |      25 |       0 |   0.0
        D:5 |     174 |     663 |  79.2 |      11 |       1 |   8.3
        D:6 |     760 |     305 |  28.6 |      22 |       2 |   8.3
        D:7 |     905 |    1223 |  57.5 |      24 |       5 |  17.2
        D:8 |    2241 |    1765 |  44.1 |      36 |       2 |   5.3
        D:9 |    1708 |    3489 |  67.1 |      27 |       4 |  12.9
       D:10 |    3212 |    1078 |  25.1 |      41 |       4 |   8.9
       D:11 |     671 |       0 |   0.0 |      13 |       0 |   0.0
            +---------+---------+-------+---------+---------+-------
